 Dungeon Crawl Stone Soup version 0.16.1-11-g651b585 (webtiles) character file.

2311 jacksonaction the Cleaver (level 9, -5/70 HPs)
             Began as a Minotaur Fighter on Apr 6, 2015.
             Killed from afar by Inchmeat's ghost (13 damage)
             ... with a flame tongue
             ... on level 5 of the Dungeon.
             The game lasted 00:23:46 (4360 turns).

jacksonaction the Cleaver (Minotaur Fighter)        Turns: 4360, Time: 00:23:46

Health: -5/70      AC:  9    Str: 30    XL:     9   Next: 18%
Magic:  4/4        EV:  7    Int:  5    God:
Gold:   210        SH: 10    Dex:  9    Spells: 0 memorised, 8 levels left

rFire  . . .     SeeInvis .     J - +0 whip (freeze)
rCold  . . .     Clarity  .     b - +0 scale mail
rNeg   + . .     SustAb   .     c - +0 shield
rPois  .         Gourm    .     (helmet restricted)
rElec  .         Spirit   .     (no cloak)
rCorr  .         Warding  +     (no gloves)
rMut   .         Stasis   .     s - +0 pair of boots
MR     .....                    M - amulet of warding
Stlth  ..........               (no ring)
                                (no ring)

@: mighty, liquid flames, glowing, drained, not resistant to hostile
enchantments, extremely unstealthy
A: retaliatory headbutt, horns 2
a: no special abilities


You were on level 5 of the Dungeon.
You were not hungry.

You visited 1 branch of the dungeon, and saw 8 of its levels.

You collected 210 gold pieces.

Inventory:

Hand weapons
 a - a +0 war axe
 x - a +0 blowgun
 z - a +2 whip of venom
 A - a cursed +1 mace
 J - a +0 whip of freezing (weapon)
Missiles
 k - 7 tomahawks (quivered)
 y - 16 poisoned needles
Armour
 b - a +0 scale mail (worn)
 c - a +0 shield (worn)
 s - a +0 pair of boots (worn)
Jewellery
 p - an uncursed ring of fire {unknown}
 u - an uncursed ring of positive energy {unknown}
 E - an uncursed ring of fire {unknown}
 L - an uncursed ring of poison resistance {unknown}
 M - an amulet of warding (around neck)
Magical devices
 G - a wand of random effects (20)
Scrolls
 i - a scroll of amnesia {unknown}
 j - 4 scrolls of remove curse {unknown}
 m - a scroll of random uselessness {unknown}
 n - 4 scrolls of identify {unknown}
 q - 2 scrolls of fog {unknown}
 r - 4 scrolls of teleportation {unknown}
 t - a scroll of blinking {unknown}
 v - 2 scrolls of fear {unknown}
 w - 2 scrolls of recharging {unknown}
 C - 2 scrolls of immolation {unknown}
 K - a scroll of noise {unknown}
Potions
 f - a potion of haste {unknown}
 g - a potion of resistance {unknown}
 l - a potion of ambrosia {unknown}
 o - 2 potions of curing
 D - a potion of poison {unknown}
 F - a potion of berserk rage {unknown}
Comestibles
 d - 6 bread rations
 h - a royal jelly
 B - 4 fruits
 H - a meat ration


   Skills:
 - Level 3.6(3.4) Fighting
 - Level 10.0(11.0) Axes
 - Level 8.4(10.3) Maces & Flails
 + Level 7.8(7.6) Armour
 - Level 3.6(3.4) Shields


You had 8 spell levels left.
You didn't know any spells.

Dungeon Overview and Level Annotations

Branches:
Dungeon (8/15)
 Temple: D:4-7         Lair: D:8-11

Altars:
Dithmenos
Elyvilon
Gozag
Trog
Zin
The Shining One

Annotations:
D:5 Inchmeat's ghost, experienced DsFE


Innate Abilities, Weirdness & Mutations

You reflexively headbutt those who attack you in melee.
You have a pair of horns on your head.


Message History

You hit Inchmeat's ghost but do no damage.
Inchmeat's ghost is heavily damaged.
Inchmeat's ghost sprays you with burning goo.
The sticky flame hits you!
You are covered in liquid flames!
* * * LOW HITPOINT WARNING * * *
Drink which item? (? for menu, Esc to quit)
You feel better.
You are covered in liquid flames!
* * * LOW HITPOINT WARNING * * *
Inchmeat's ghost casts a spell at you. The flame tongue hits you!
* * * LOW HITPOINT WARNING * * *
Drink which item? (? for menu, Esc to quit)
You feel very mighty all of a sudden.
You are covered in liquid flames!
* * * LOW HITPOINT WARNING * * *
Inchmeat's ghost casts a spell at you. The flame tongue hits you!
You die...

......# #.# .
##..######.###.#
##...........#.##
##..#####....#....
##...#.....P..#
##........≈≈..#
##.....#..PP..## #
##....##'.†...a###.#
##...##_##..⌠.rW@§§#
##....###.....######
##.#.. #....### .
.#....#.# ....##...#
..... ....# ..#
###### .


You could see a worker ant, Inchmeat's ghost and a rat.

Vanquished Creatures
  The ghost of weregild the Spear-Bearer, an experienced HOFi of Okawaru (D:6)
  Pikel (D:5)
  A sky beast (D:7)
  2 slaves (D:5)
  5 ogres
  A scorpion (D:4)
  2 wights
  6 hounds
  A crimson imp (D:5)
  A jelly (D:5)
  An orc priest (D:4)
  An iguana (D:5)
  2 orc wizards (D:3)
  6 worker ants
  Jessica (D:2)
  A hound zombie (D:5)
  A hound skeleton (D:6)
  7 gnolls
  7 adders
  A giant mite (D:3)
  2 worms (D:4)
  5 giant geckos
  12 orcs
  3 giant cockroaches
  6 goblins
  8 hobgoblins
  4 jackals (D:2)
  12 kobolds
  3 quokkas
  6 bats
  5 giant newts
  A jackal zombie (D:5)
  12 rats
  2 ballistomycetes (D:6)
130 creatures vanquished.

Vanquished Creatures (others)
  A giant spore (D:6)
1 creature vanquished.

Grand Total: 131 creatures vanquished

Notes
Turn   | Place    | Note
--------------------------------------------------------------
     0 | D:1      | jacksonaction, the Minotaur Fighter, began the quest for the Orb.
     0 | D:1      | Reached XP level 1. HP: 19/19 MP: 1/1
   278 | D:1      | Reached XP level 2. HP: 26/26 MP: 1/1
   473 | D:1      | Reached skill level 4 in Axes
   542 | D:1      | Reached XP level 3. HP: 31/31 MP: 2/2
   767 | D:2      | Reached skill level 5 in Axes
   889 | D:2      | Reached XP level 4. HP: 30/39 MP: 2/2
  1057 | D:2      | Noticed Jessica
  1073 | D:2      | Killed Jessica
  1117 | D:2      | Found a white marble altar of Elyvilon.
  1179 | D:2      | Reached skill level 6 in Axes
  1531 | D:3      | Reached XP level 5. HP: 45/45 MP: 2/2
  1637 | D:3      | Reached skill level 7 in Axes
  1862 | D:4      | Reached XP level 6. HP: 46/51 MP: 3/3
  1879 | D:4      | Reached skill level 8 in Axes
  2037 | D:4      | Noticed an ogre
  2056 | D:4      | Killed an ogre
  2088 | D:4      | Reached skill level 9 in Axes
  2145 | D:4      | Reached XP level 7. HP: 49/57 MP: 3/3
  2471 | D:4      | Noticed an ogre
  2477 | D:4      | Killed an ogre
  2477 | D:4      | Reached skill level 10 in Axes
  2768 | D:5      | Entered Level 5 of the Dungeon
  2801 | D:5      | You fall through a shaft for 3 floors!
  2912 | D:7      | Found a bloodstained altar of Trog.
  2915 | D:7      | Found an opulent altar of Gozag.
  2918 | D:7      | Found a shadowy altar of Dithmenos.
  2921 | D:7      | Found a glowing silver altar of Zin.
  2939 | D:7      | Found an opulent altar of Gozag.
  3046 | D:6      | Reached skill level 5 in Maces & Flails
  3046 | D:6      | Reached XP level 8. HP: 59/64 MP: 3/3
  3077 | D:6      | Noticed weregild's ghost (experienced HOFi)
  3103 | D:6      | Killed weregild's ghost
  3306 | D:6      | HP: 1/64 [wight/enchanted spear (6)]
  3332 | D:6      | HP: 1/64 [wight/enchanted mace (5)]
  3400 | D:5      | Reached skill level 5 in Armour
  3967 | D:5      | Noticed Pikel
  3984 | D:5      | Killed Pikel
  3984 | D:5      | Reached XP level 9. HP: 57/70 MP: 4/4
  4306 | D:5      | Found a glowing golden altar of the Shining One.
  4321 | D:5      | Noticed Inchmeat's ghost (experienced DsFE)
  4360 | D:5      | Killed from afar by Inchmeat's ghost

Action                   |  1- 3 |  4- 6 |  7- 9 || total
-------------------------+-------+-------+-------++-------
Melee: War axe           |    71 |   110 |    27 ||   208
       Whip              |       |       |   235 ||   235
 Fire: Blowgun           |       |     4 |       ||     4
Throw: Tomahawk          |     3 |    15 |    18 ||    36
  Use: Potion            |       |       |     4 ||     4
  Eat: Chunk             |       |     4 |     7 ||    11
